 Dungeon Crawl Stone Soup version 0.26-b1-32-g5d43845318 (webtiles) character file.

Game seed: 17984118262323567973

38510 Aviak the Envoy of Void (level 14, -10/88 HPs)
             Began as a Tengu Abyssal Knight on Jan 12, 2021.
             Was a High Priest of Lugonu.
             Mangled by an entropy weaver (17 damage)
             ... on level 4 of the Lair of Beasts.
             The game lasted 00:31:06 (17837 turns).

Aviak the Envoy of Void (Tengu Abyssal Knight)     Turns: 17837, Time: 00:31:06

Health: -10/88     AC:  3    Str: 16    XL:     14   Next: 2%
Magic:  24/24      EV: 26    Int: 22    God:    Lugonu [*****.]
Gold:   430        SH:  0    Dex: 20    Spells: 13/13 levels left

rFire    x . .     SeeInvis .   I - +1 glaive (venom)
rCold    + . .     Faith    .   (shield currently unavailable)
rNeg     . . .     Spirit   .   O - +2 robe of Vines {NoPotionHeal Regen+7}
rPois    .         Reflect  .   g - +0 hat of the First Snow {rElec Regen+ Int+10 Dex-5}
rElec    +         Harm     .   (no cloak)
rCorr    .         Rampage  .   b - +2 pair of gloves {Str+3}
Will     +....                  (boots unavailable)
Stlth    ++........             (no amulet)
HPRegen  3.44/turn              L - ring of ice
MPRegen  0.19/turn              a - +6 ring of dexterity

@: corroded, flying quickly and evasively, quick
A: beak, talons 3, able to fly
a: Stop Flying, Renounce Religion, Depart the Abyss, Bend Space, Banish,
Corrupt, Enter the Abyss


You were on level 4 of the Lair of Beasts.
You worshipped Lugonu.
Lugonu was extremely pleased with you.
You visited 2 branches of the dungeon, and saw 15 of its levels.
You visited the Abyss 1 time.
You also visited: Gauntlet and Ice Cave.

You collected 1025 gold pieces.
You spent 595 gold pieces at shops.

Inventory:

Hand Weapons
 I - a +1 glaive of venom (weapon)
 K - a +4 spear of freezing
Armour
 b - a +2 pair of gloves of strength (worn)
 g - the +0 hat of the First Snow (worn) {rElec Regen+ Int+10 Dex-5}
   (You found it in a Gauntlet)

   It affects your intelligence (+10).
   It affects your dexterity (-5).
   It insulates you from electricity.
   It increases your rate of regeneration.
 k - a +2 leather armour of fire resistance
 O - the +2 robe of Vines (worn) {NoPotionHeal Regen+7}
   (You found it in a Gauntlet)

   It increases your rate of regeneration.
Jewellery
 a - a +6 ring of dexterity (right hand)
 D - a +6 ring of strength
 L - a ring of ice (left hand)
 P - an uncursed ring of poison resistance
 Q - a cursed amulet of inaccuracy {unknown}
 U - the amulet "Detioj" {Acrobat rPois, unknown}
   (You found it in an ice cave)

   [amulet of the acrobat]

   It helps you evade while moving and waiting.
   It protects you from poison.
 V - an uncursed ring of ice
 Z - an uncursed ring of see invisible
Wands
 u - a wand of paralysis (1)
 v - a wand of iceblast (36)
 w - a wand of polymorph (17)
 A - a wand of random effects (27)
 G - a wand of digging (5)
 J - a wand of disintegration (16)
 N - a wand of acid (9)
 R - a wand of enslavement (6)
 T - a wand of flame (21)
Scrolls
 d - a scroll of fear
 e - 5 scrolls of magic mapping
 i - 3 scrolls of identify
 n - a scroll of enchant armour
 p - 5 scrolls of enchant weapon {unknown}
 q - 4 scrolls of amnesia
 r - 5 scrolls of remove curse
 t - 5 scrolls of teleportation
 x - 2 scrolls of blinking
 y - a scroll of summoning {unknown}
 B - a scroll of immolation
 C - a scroll of fog
 H - 2 scrolls of torment {unknown}
 M - 4 scrolls of vulnerability {unknown}
Potions
 c - 2 potions of curing
 f - a potion of resistance
 h - a potion of heal wounds
 j - 4 potions of flight
 l - a potion of cancellation
 m - 3 potions of mutation {!q}
 o - 4 potions of brilliance
 s - 3 potions of degeneration {!q!q}
 z - 6 potions of might
 E - 2 potions of invisibility
 F - 9 potions of ambrosia
Miscellaneous
 S - a box of beasts


   Skills:
 - Level 10.8 Fighting
 + Level 12.5 Polearms
 - Level 2.1 Armour
 + Level 11.5 Dodging
 * Level 12.7 Invocations
 + Level 4.8 Evocations


You had 13 spell levels left.
You didn't know any spells.
Your spell library contained the following spells:

 Spells                   Type           Power        Failure   Level
 Animate Skeleton         Necr           0%           17%         1
 Apportation              Tloc           0%           17%         1
 Corona                   Hex            0%           17%         1
 Freeze                   Ice            0%           17%         1
 Magic Dart               Conj           0%           17%         1
 Sting                    Tmut/Pois      0%           17%         1
 Summon Small Mammal      Summ           0%           17%         1
 Poisonous Vapours        Pois/Air       0%           26%         2
 Searing Ray              Conj           0%           26%         2
 Conjure Flame            Conj/Fire      0%           45%         3
 Dazzling Flash           Conj/Hex       0%           45%         3
 Frozen Ramparts          Ice            0%           45%         3
 Ignite Poison            Fire/Tmut/Pois 0%           45%         3
 Mephitic Cloud           Conj/Pois/Air  0%           45%         3
 Ozocubu's Armour         Ice            0%           45%         3
 Fulminant Prism          Conj/Hex       0%           86%         4
 Hailstorm                Conj/Ice       0%           86%         4
 Ice Form                 Ice/Tmut       0%           86%         4
 Iskenderun's Mystic Bla  Conj/Tloc      0%           86%         4
 Olgreb's Toxic Radiance  Pois           0%           86%         4
 Summon Ice Beast         Ice/Summ       0%           86%         4
 Irradiate                Conj/Tmut      0%           99%         5
 Metabolic Englaciation   Hex/Ice        0%           99%         5
 Freezing Cloud           Conj/Ice/Air   0%           100%        6
 Hydra Form               Tmut           0%           100%        6
 Ozocubu's Refrigeration  Ice            0%           100%        6
 Simulacrum               Ice/Necr       0%           100%        6
 Statue Form              Tmut/Erth      0%           100%        6
 Dragon Form              Tmut           0%           100%        7


Dungeon Overview and Level Annotations

Branches:
Dungeon (11/15)            Temple (0/1) D:5            Lair (4/6) D:8
 Shoals (0/4) Lair:2       Spider (0/4) Lair:4          Orc (0/2) D:11
  IceCv (visited)         Gauntlet (visited)

Altars:
Cheibriados
Fedhas
Hepliaklqana
Kikubaaqudgha
Nemelex Xobeh
Qazlal
Sif Muna
Trog
Uskayaw
Vehumet
Zin
The Shining One

Shops:
D:9 *   D:10 *

Annotations:
Lair:2 exclusion: 3 oklob plants
Abyss:1 Duvessa, Edmund, Nessos, Urug


Innate Abilities, Weirdness & Mutations

You have a beak for a mouth.
You have claws for feet.
You can fly continuously.


Message History

The entropic weave corrodes you!
You hit the entropy weaver but do no damage.
The entropy weaver looks as sick as possible!
Your kick misses the entropy weaver.
You peck the entropy weaver, but do no damage.
The entropy weaver is moderately wounded.
The entropy weaver closely misses you. The entropy weaver misses you. x2
The entropy weaver hits you!
You slash the entropy weaver! Your kick misses the entropy weaver.
The entropy weaver is heavily wounded.
The entropy weaver hits you! The entropy weaver barely misses you.
The entropy weaver hits you!
* * * LOW HITPOINT WARNING * * *
The entropy weaver completely misses you.
The entropy weaver hits you.
* * * LOW HITPOINT WARNING * * *
The entropy weaver hits you.
* * * LOW HITPOINT WARNING * * *
The entropy weaver hits you!
You die...

...##...##......##..###....,,..#*
...............##P..###....,,,.#,
......................###,,,,,.#*
.....................#*,*,,,,,,,*
..............?.....(#,_+,,,,,,^^
..##.###.............##,*,,,***,,
...#.##..#......B##..P#**,,*****,
...#....#........#...##.,,,,*,,**
..##.....#......@B.$....,,,**,,,*
..##....##.......P#...#.,,,***,,*
..##....#.........#,.#..,,,,**,,,
..#.....##.......#..,#*,,,,***,,,
..##....*#........#..*,,,,,***+**
..#*,***#...?.......#..,,,,,**,**
..#,,*,*#..........*#*.,,,,**,,,*
....,,,,............,,,,,,,,,,,,,
....,,,,,,,,,,,,,,,,,,,,,,,,,,,,,


You could see an entropy weaver (extremely poisoned) and a soldier ant.

Vanquished Creatures
  A frost giant (IceCv)
  A minotaur (Gauntlet)
  3 hydras
  2 death yaks (IceCv)
  A catoblepas (Lair:3)
  A lindwurm (Lair:3)
  Pikel (D:5)
  A manticore (D:9)
  6 elephants (Lair:3)
  2 gargoyles
  4 komodo dragons
  5 cane toads
  3 rime drakes
  A troll (D:10)
  A queen bee (Lair:3)
  14 polar bears (IceCv)
  4 blink frogs (Lair:3)
  A wyvern (D:11)
  38 yaks
  5 shadows (Gauntlet)
  A wraith (D:11)
  3 swamp worms (Gauntlet)
  4 wargs (D:11)
  2 soldier ants (Lair:4)
  5 water moccasins
  A black bear (D:9)
  2 ice beasts
  A sky beast (D:10)
  6 ogres
  2 orc warriors (D:9)
  A phantom (D:5)
  7 necrophages
  2 centaurs
  17 wolves
  9 bullfrogs
  Dowan (D:6)
  A scorpion (D:4)
  21 killer bees
  4 wights (D:7)
  An electric eel (Lair:1)
  2 howler monkeys
  3 centaur zombies
  A quasit (D:10)
  2 jellies
  5 hounds
  2 bullfrog skeletons
  7 orc priests
  Natasha (thrice) (D:2)
  A centaur skeleton (D:10)
  3 iguanas
  2 orc wizards
  15 worker ants
  A hound zombie (D:7)
  2 mummies (D:7)
  A worker ant zombie (D:11)
  8 gnolls
  11 adders
  A shadow imp (D:4)
  13 white imps
  3 oozes
  2 adder skeletons
  2 adder zombies (D:7)
  7 worms
  6 dart slugs
  7 leopard geckos
  41 orcs
  3 ball pythons (D:2)
  11 bats
  5 giant cockroaches
  11 goblins
  4 hobgoblins
  8 quokkas
  A ball python skeleton (D:6)
  6 frilled lizards
  7 kobolds
  5 rats
  A butterfly (Lair:2)
399 creatures vanquished.

Vanquished Creatures (collateral kills)
  8 killer bees (Lair:3)
8 creatures vanquished.

Vanquished Creatures (others)
  A polar bear (IceCv)
  15 fungi
  17 plants
  13 withered plants
46 creatures vanquished.

Grand Total: 453 creatures vanquished

Notes
Turn   | Place    | Note
-------+----------+-------------------------------------------
     0 | Abyss:1  | Aviak the Tengu Abyssal Knight began the quest for the Orb.
     0 | Abyss:1  | Reached XP level 1. HP: 14/14 MP: 3/3
     7 | D:1      | Escaped the Abyss
   115 | D:1      | Reached XP level 2. HP: 19/19 MP: 4/4
   853 | D:1      | Reached ** piety under Lugonu
   860 | D:1      | Reached XP level 3. HP: 21/23 MP: 5/5
  1089 | D:2      | Reached XP level 4. HP: 25/29 MP: 6/6
  1617 | D:2      | Noticed Natasha
  1632 | D:2      | Killed Natasha
  1633 | D:2      | Gained mutation: You can fly continuously. [Tengu growth]
  1633 | D:2      | Reached XP level 5. HP: 23/33 MP: 7/7
  1716 | D:2      | Noticed Natasha
  1729 | D:2      | Killed Natasha
  1742 | D:2      | Noticed Natasha
  1756 | D:2      | Killed Natasha
  2281 | D:2      | Found a glowing silver altar of Zin.
  2299 | D:2      | Found a snail-covered altar of Cheibriados.
  2376 | D:3      | Found an ancient bone altar of Kikubaaqudgha.
  2391 | D:3      | Reached XP level 6. HP: 39/39 MP: 8/8
  2523 | D:3      | Reached *** piety under Lugonu
  3462 | D:4      | Reached XP level 7. HP: 44/44 MP: 9/9
  3491 | D:4      | Reached skill level 5 in Polearms
  3823 | D:4      | Found a stormy altar of Qazlal.
  3823 | D:4      | Found a blossoming altar of Fedhas.
  4865 | D:5      | Entered Level 5 of the Dungeon
  5259 | D:5      | Reached XP level 8. HP: 17/48 MP: 10/12
  5940 | D:5      | Reached **** piety under Lugonu
  6090 | D:5      | Noticed Pikel
  6119 | D:5      | Killed Pikel
  6229 | D:5      | Found a staircase to the Ecumenical Temple.
  6609 | D:6      | Noticed Dowan
  6611 | D:6      | Noticed Duvessa
  6864 | D:6      | Noticed Edmund
  6872 | D:6      | Banished Edmund
  7000 | D:6      | Banished Duvessa
  7001 | D:6      | Reached XP level 9. HP: 50/52 MP: 10/15
  7027 | D:6      | Killed Dowan
  7663 | D:7      | Found a shimmering blue altar of Sif Muna.
  7792 | D:7      | Reached skill level 5 in Fighting
  8603 | D:7      | Found a bloodstained altar of Trog.
  9149 | D:8      | Found a staircase to the Lair.
  9600 | D:8      | Reached XP level 10. HP: 63/63 MP: 17/17
  9627 | D:8      | Found a sparkling altar of Nemelex Xobeh.
 10018 | D:9      | Noticed a purple ugly thing
 10019 | D:9      | Banished a purple ugly thing
 10034 | D:9      | Noticed a white ugly thing
 10055 | D:9      | Banished a white ugly thing
 10262 | D:9      | Found a hazy altar of Hepliaklqana.
 10675 | D:9      | Noticed a manticore
 10683 | D:9      | Killed a manticore
 10684 | D:9      | Reached skill level 10 in Fighting
 10990 | D:9      | Found Xaogh's Assorted Antiques.
 10994 | D:9      | Bought a smoky green potion for 27 gold pieces
 10994 | D:9      | Bought an encrusted bronze wand for 120 gold pieces
 10994 | D:9      | Bought a glowing spear for 180 gold pieces
 10994 | D:9      | Bought a scroll of identify for 60 gold pieces
 11099 | D:9      | Found a radiant altar of Vehumet.
 11102 | D:9      | Found a glowing golden altar of the Shining One.
 11116 | D:9      | Found a hide-covered altar of Uskayaw.
 11153 | D:10     | Entered Level 10 of the Dungeon
 11233 | D:10     | Reached skill level 5 in Dodging
 11531 | D:10     | Reached XP level 11. HP: 73/73 MP: 18/18
 11706 | D:10     | Found a glowing golden altar of the Shining One.
 11776 | D:10     | Found Fagaggis's Mayhem Merchandise.
 11784 | D:10     | Bought a wand of iceblast (12) for 208 gold pieces
 12591 | D:11     | Noticed a boulder beetle
 12594 | D:11     | Banished a boulder beetle
 12781 | D:11     | Found a staircase to the Orcish Mines.
 12976 | D:11     | Noticed an eight-headed hydra
 12978 | D:11     | Banished an eight-headed hydra
 13325 | Lair:1   | Entered Level 1 of the Lair of Beasts
 13598 | Lair:1   | Noticed a four-headed hydra
 13601 | Lair:1   | Banished a four-headed hydra
 14241 | Lair:1   | Reached skill level 10 in Invocations
 14430 | Lair:2   | Reached XP level 12. HP: 75/79 MP: 20/20
 14440 | Lair:2   | Reached skill level 10 in Polearms
 14467 | Lair:2   | Found a staircase to the Shoals.
 14474 | Lair:2   | Found a gate leading to a gauntlet.
 14480 | Gauntlet | Entered a Gauntlet
 14480 | Gauntlet | Found a transporter.
 14489 | Gauntlet | Found a transporter.
 14504 | Gauntlet | Found a transporter.
 14509 | Gauntlet | Found a transporter.
 14524 | Gauntlet | Found a transporter.
 14543 | Gauntlet | Found a transporter.
 14548 | Gauntlet | Noticed a shock serpent
 14548 | Gauntlet | a faun changed into a shock serpent
 14551 | Gauntlet | Found a large runed translucent door.
 14552 | Gauntlet | Found a large runed translucent door.
 14553 | Gauntlet | Found a large runed translucent door.
 14553 | Gauntlet | Found a large runed translucent door.
 14553 | Gauntlet | Noticed an anaconda
 14553 | Gauntlet | a shock serpent changed into an anaconda
 14554 | Gauntlet | Found a runed translucent gate.
 14555 | Gauntlet | Found a transporter.
 14555 | Gauntlet | Found a runed translucent gate.
 14556 | Gauntlet | Found a runed translucent gate.
 14556 | Gauntlet | Noticed a bunyip
 14556 | Gauntlet | an anaconda changed into a bunyip
 14556 | Gauntlet | Noticed a thrashing horror
 14557 | Gauntlet | Found a large runed translucent door.
 14557 | Gauntlet | Found a large runed translucent door.
 14558 | Gauntlet | Found a large runed translucent door.
 14558 | Gauntlet | Noticed a thrashing horror
 14559 | Gauntlet | Found a large runed translucent door.
 14567 | Gauntlet | Found a transporter.
 14579 | Gauntlet | Found a transporter.
 14591 | Gauntlet | Found a transporter.
 14593 | Gauntlet | Found the +2 robe of Vines {NoPotionHeal Regen+7}
 14608 | Gauntlet | Found a transporter.
 14626 | Gauntlet | Found a transporter.
 14628 | Gauntlet | Found a transporter.
 14629 | Gauntlet | Noticed a death ooze
 14653 | Gauntlet | Found a transporter.
 14655 | Gauntlet | Found a transporter.
 14684 | Gauntlet | Found a transporter.
 14703 | Gauntlet | HP: 2/79 [swamp worm (21)]
 14824 | Gauntlet | Found a transporter.
 14826 | Gauntlet | Found a large runed translucent door.
 14827 | Gauntlet | Found a large runed translucent door.
 14831 | Gauntlet | Found a transporter.
 14833 | Gauntlet | Found a large runed translucent door.
 14833 | Gauntlet | Found a large runed translucent door.
 14833 | Gauntlet | Found a runed translucent door.
 14833 | Gauntlet | Found a runed translucent door.
 14846 | Gauntlet | Banished a death ooze
 14933 | Gauntlet | Got a translucent hat
 14941 | Gauntlet | Identified the +0 hat of the First Snow {rElec Regen+
                  | Int+10 Dex-5} (You found it in a Gauntlet)
 14967 | Gauntlet | Identified the +5 battleaxe "Yliostru" {vamp, Str+5}
 14967 | Gauntlet | Noticed a minotaur
 14982 | Gauntlet | Killed a minotaur
 15375 | Lair:2   | Noticed a four-headed hydra
 15388 | Lair:2   | Killed a four-headed hydra
 15930 | Lair:3   | Reached skill level 10 in Dodging
 16025 | Lair:3   | Noticed a five-headed hydra
 16034 | Lair:3   | Killed a five-headed hydra
 16037 | Lair:3   | Noticed a catoblepas
 16048 | Lair:3   | Killed a catoblepas
 16294 | Lair:3   | Reached skill level 1 in Evocations
 16294 | Lair:3   | Reached XP level 13. HP: 81/84 MP: 22/22
 16795 | Lair:4   | Noticed Urug
 16803 | Lair:4   | Banished Urug
 16878 | Lair:4   | Noticed an entropy weaver
 16883 | Lair:4   | Noticed an entropy weaver
 16952 | Lair:4   | Found a frozen archway.
 16982 | Lair:4   | Reached ***** piety under Lugonu
 16994 | IceCv    | Entered an ice cave
 17427 | IceCv    | Noticed a frost giant
 17452 | IceCv    | Killed a frost giant
 17543 | IceCv    | Got a slimy pewter amulet
 17703 | Lair:4   | Noticed Nessos
 17712 | Lair:4   | Banished Nessos
 17713 | Lair:4   | Reached XP level 14. HP: 40/88 MP: 19/24
 17837 | Lair:4   | Mangled by an entropy weaver

Illustrated notes

Levels and vault maps discovered:
D:1:      dpeg_arrival_central, layout_basic, serial_forest,
          infiniplex_forest_lined_3, infiniplex_forest_straight_2,
          infiniplex_forest_lined_2, infiniplex_forest_straight_2,
          infiniplex_forest_lined_corner, infiniplex_forest_lined_corner,
          infiniplex_forest_join
D:2:      layout_rooms, minitemple, grunt_ministairs_14, minmay_hexomino_c4,
          uniq_natasha
D:3:      layout_basic, kiku_gazebo_garden_becter
D:4:      layout_layer_cave, grunt_temple_overflow_forces_of_nature
D:5:      layout_cave_pods, temple_green, uniq_pikel
D:6:      layout_loops_ring, uniq_edmund, uniq_duvessa
D:7:      layout_cave_pods, lightli_temple_of_fire, serial_undead,
          serial_undead_c, serial_undead_f, serial_undead_e, serial_undead_f,
          serial_undead_e, serial_undead_a, basic_altar
D:8:      layout_basic, general_overflow_altar, lair_entry_dummy
D:9:      layout_irregular_city, nzn_hepliaklqana_mist_gate,
          grunt_temple_overflow_diamond, serial_shops, nicolae_shop_trees,
          grunt_tough_drop
D:10:     layout_irregular_city, basic_altar, minmay_shop_mayhem
D:11:     layout_basic, minmay_orc_entry_guard_dogs, bh_walls_and_bars
Lair:1:   layout_hall_layers, nicolae_quartered_pool_little
Lair:2:   layout_roguey, elwin_shoals_entry_rocks, gauntlet_entry_generic,
          serial_rivers, chequers_serial_rivers_marsh,
          chequers_serial_rivers_small_3, chequers_serial_rivers_room_a,
          chequers_serial_rivers_micro_d, minmay_lair_oklob_chamber,
          lemuel_fruit_fields
Lair:3:   layout_hall_layers, special_room [special_room_bee]
Lair:4:   layout_regular_city, spider_nest_entry_funnel_web, ebering_ghost_xom,
          portal_ice_cave_entry_imps, minmay_another_anthill, uniq_urug,
          uniq_nessos

Skill      XL: |  1  2  3  4  5  6  7  8  9 10 11 12 13 |
---------------+----------------------------------------+-----
Dodging        | 2 3 4 5 8 10 11 | 11.5
Polearms       | 3 4 6 7 9 11 12 | 12.5
Fighting       | 4 7 10 | 10.8
Invocations    | 2 4 7 9 10 11 12 | 12.7
Evocations     | 1 4 |  4.8
Armour         | |  2.1

Action                   |  1- 3 |  4- 6 |  7- 9 | 10-12 | 13-15 || total
-------------------------+-------+-------+-------+-------+-------++-------
Melee: Spear             |    99 |   211 |   514 |    18 |    10 ||   852
       Peck              |    13 |    22 |    91 |   116 |    99 ||   341
       Kick              |    18 |    45 |   144 |   170 |   134 ||   511
       Glaive            |       |       |     1 |   444 |   344 ||   789
Invok: Banish            |       |       |     3 |    13 |     2 ||    18
       Bend Space        |       |       |       |       |     1 ||     1
 Abil: Fly               |       |     1 |       |       |       ||     1
Evoke: Wand              |       |       |     9 |    10 |     4 ||    23
       Box of beasts     |       |       |       |       |     1 ||     1
  Use: Scroll            |       |       |    10 |    11 |     3 ||    24
       Potion            |       |       |     3 |     6 |       ||     9
 Stab: Sleeping          |       |       |     3 |     2 |       ||     5
       Paralysed         |       |       |    22 |     2 |       ||    24
       Invisible         |       |       |       |     1 |       ||     1
       Distracted        |       |       |       |       |     1 ||     1
Armor: Leather armour    |     2 |    25 |    41 |     2 |       ||    70
       Ring mail         |    30 |     2 |       |       |       ||    32
       Troll leather arm |       |       |       |    44 |       ||    44
       Robe              |       |       |       |    21 |    59 ||    80
Dodge: Dodged            |    42 |    89 |   246 |   546 |   702 ||  1625
